 Dungeon Crawl Stone Soup version 0.26.1-11-gd32895ea62 (webtiles) character file.

Game seed: 7871256564770466000

12474 Arcadio the Blocker (level 11, -5/106 HPs)
             Began as a Deep Dwarf Fighter on May 22, 2021.
             Was a Priest of Makhleb.
             Slain by a death yak (18 damage)
             ... on level 3 of the Lair of Beasts.
             The game lasted 00:54:05 (10893 turns).

Arcadio the Blocker (Deep Dwarf Fighter)           Turns: 10893, Time: 00:54:06

Health: -5/106     AC: 18    Str: 22    XL:     11   Next: 62%
Magic:  0/9        EV:  9    Int: 10    God:    Makhleb [***...]
Gold:   445        SH: 13    Dex: 12    Spells: 9/10 levels left

rFire    . . .     SeeInvis .   a - +1 war axe
rCold    . . .     Faith    .   c - +1 kite shield
rNeg     . . .     Spirit   +   J - +5 scale mail {rPois}
rPois    +         Reflect  .   M - +0 helmet
rElec    .         Harm     .   y - +0 cloak
rCorr    .         Rampage  .   K - +0 pair of gloves
Will     +++..                  (no boots)
Stlth    ..........             w - amulet of guardian spirit
HPRegen  0.00/turn              v - ring of willpower
MPRegen  0.11/turn              e - ring of willpower

@: non-regenerating
A: damage resistance, heal wounds, sense surroundings 2, no regeneration
a: Heal Wounds, Renounce Religion, Minor Destruction, Lesser Servant of Makhleb


You were on level 3 of the Lair of Beasts.
You worshipped Makhleb.
Makhleb was most pleased with you.
You visited 3 branches of the dungeon, and saw 14 of its levels.
You also visited: Sewer.

You collected 641 gold pieces.
You spent 196 gold pieces at shops.

Inventory:

Hand Weapons
 a - a +1 war axe (weapon)
 b - a +0 hunting sling
 l - a +2 mace of holy wrath
 m - a +1 war axe of electrocution
 x - a +3 quarterstaff of chaos
 P - the +6 whip "Xonen" {elec, rPois Int+3 Stlth-}
   (You found it on level 9 of the Dungeon)

   Occasionally, upon striking a foe, it can discharge electrical energy and
   cause terrible harm.
   It affects your intelligence (+3).
   It protects you from poison.
   It makes you less stealthy.
 S - a +1 dire flail of holy wrath
 T - a cursed +2 battleaxe
 W - a +0 demon whip
Missiles
 j - 86 sling bullets
Armour
 c - a +1 kite shield (worn)
 n - a +0 scale mail
 y - a +0 cloak (worn)
 J - a +5 scale mail of poison resistance (worn)
 K - a +0 pair of gloves (worn)
 M - a +0 helmet (worn)
Jewellery
 e - a ring of willpower (right hand)
 f - an uncursed ring of resist corrosion
 r - an uncursed ring of magical power
 v - a ring of willpower (left hand)
 w - an amulet of guardian spirit (around neck)
 I - an uncursed ring of flight
 L - an uncursed ring of ice
 N - an uncursed ring of stealth
Wands
 h - a wand of acid (19)
 s - a wand of disintegration (18) (quivered)
 F - a wand of enslavement (5)
 H - a wand of digging (8)
 O - a wand of polymorph (9)
 R - a wand of iceblast (6)
 V - a wand of paralysis (10)
Scrolls
 i - 2 scrolls of teleportation
 q - a scroll of amnesia
 t - 2 scrolls of immolation
 z - 5 scrolls of blinking
 C - 5 scrolls of magic mapping
 E - 3 scrolls of fear
 G - 2 scrolls of remove curse
Potions
 d - 3 potions of might
 g - 3 potions of cancellation
 k - 6 potions of invisibility
 o - 3 potions of lignification
 p - 5 potions of flight
 u - 3 potions of attraction
 A - 2 potions of brilliance
 B - 6 potions of haste
 D - a potion of curing
 Q - 2 potions of resistance
Miscellaneous
 U - a phantom mirror


   Skills:
 + Level 9.0 Fighting
 + Level 10.3 Axes
 + Level 10.5 Armour
 + Level 10.6 Shields
 + Level 4.7 Invocations


You had 9 spell levels left.
You knew the following spells:

 Your Spells              Type           Power        Failure   Level
a - Corona                Hex            0%           82%         1

Your spell library contained the following spells:

 Spells                   Type           Power        Failure   Level
 Animate Skeleton         Necr           0%           82%         1
 Apportation              Tloc           0%           82%         1
 Sting                    Tmut/Pois      0%           82%         1
 Summon Small Mammal      Summ           0%           82%         1
 Corpse Rot               Necr/Air       N/A          91%         2
 Poisonous Vapours        Pois/Air       0%           91%         2
 Sublimation of Blood     Necr           0%           91%         2
 Ignite Poison            Fire/Tmut/Pois 0%           99%         3
 Mephitic Cloud           Conj/Pois/Air  0%           99%         3
 Dispel Undead            Necr           0%           100%        4
 Olgreb's Toxic Radiance  Pois           0%           100%        4
 Agony                    Necr           0%           100%        5
 Excruciating Wounds      Necr           0%           100%        5


Dungeon Overview and Level Annotations

Branches:
Dungeon (10/15)            Temple (1/1) D:5            Lair (3/6) D:9
    Orc (0/2) D:9           Sewer (visited)
  Swamp: Lair:2-4    Shoals: Lair:2-4     Snake: Lair:2-4    Spider: Lair:2-4

Altars:
Ashenzari
Cheibriados
Elyvilon
Fedhas
Gozag
Hepliaklqana
Kikubaaqudgha
Makhleb
Nemelex Xobeh
Okawaru
Qazlal
Ru
Sif Muna
Trog
Vehumet
Wu Jian
Xom
Yredelemnul
Zin
The Shining One

Shops:
D:5 *[!*(

Annotations:
D:7 exclusion: statue
D:8 3 runed translucent doors, Galthrax's ghost, novice OgFi
D:9 3 runed translucent doors
D:10 exclusion: oklob plant
Lair:1 1 runed translucent door, ZZKoverts's ghost, novice OpFi
Lair:2 Erica


Innate Abilities, Weirdness & Mutations

You are resistant to damage.
You can heal yourself by infusing magical energy.
You passively map the area around you.
You do not regenerate.


Message History

You hit the death yak but do no damage.
The death yak is severely wounded.
You block the death yak's attack.
You slash the death yak!
The death yak is severely wounded.
You block the death yak's attack.
You hit the death yak.
The death yak is almost dead.
You block the death yak's attack.
You slash the death yak!
The death yak is almost dead.
The death yak gores you!!
* * * LOW HITPOINT WARNING * * *
You hit the death yak but do no damage.
The death yak is almost dead.
The death yak gores you but does no damage.
You barely miss the death yak.
The death yak is almost dead.
The death yak gores you!!
You die...

,, * ......### ####... , ,
.#*.#..........# #...... ,
..##...........###...... ,
...............##.......
,,
..#.............#.......
,,
........(..............#
.(#...................##
**
,,.P............†........#
..P((.Y@..............## ,
......................# ,
.....................##*
,,
.#...............#....## ,
,..P..............#.....#
, * ,
,................#....###
, ................#....###
........................ ,
,,,
.).....................


You could see a death yak.

Vanquished Creatures
  Harold (D:8)
  4 cane toads
  4 black mambas
  A rime drake (Lair:1)
  A polar bear (Lair:2)
  3 blink frogs (Lair:2)
  Sigmund (D:3)
  18 yaks
  2 basilisks (Lair:2)
  An orc warrior (D:6)
  5 water moccasins
  A hornet zombie (D:7)
  4 black bears
  A sky beast (D:8)
  3 ogres
  A centaur (D:6)
  3 phantoms
  2 necrophages
  7 wolves (Lair:1)
  2 big kobolds (Sewer)
  9 bullfrogs
  A water moccasin zombie (D:6)
  A scorpion (D:4)
  18 killer bees
  4 wights (D:8)
  A howler monkey (D:4)
  An electric eel (Lair:1)
  2 bullfrog zombies
  3 hounds
  4 orc wizards
  Crazy Yiuf (D:3)
  A bullfrog skeleton (D:9)
  An orc priest (D:8)
  An iguana (D:9)
  Natasha (D:3)
  5 worker ants
  Terence (D:2)
  A killer bee zombie (D:7)
  A hound zombie (D:5)
  2 hound skeletons
  A mummy (D:9)
  A worker ant zombie (D:5)
  6 gnolls
  15 adders
  2 shadow imps
  2 white imps
  2 ufetubi
  3 oozes
  An adder zombie (D:6)
  An adder skeleton (D:6)
  8 worms
  A dart slug (D:2)
  8 leopard geckos
  25 orcs
  10 bats
  8 giant cockroaches
  10 goblins
  4 hobgoblins
  5 jackals
  4 quokkas
  3 ball pythons
  4 frilled lizards
  A jackal skeleton (D:4)
  13 kobolds
  A leopard gecko skeleton (D:5)
  2 quokka skeletons
  10 rats
275 creatures vanquished.

Vanquished Creatures (others)
  16 fungi
  13 plants
  2 withered plants (Lair:1)
31 creatures vanquished.

Grand Total: 306 creatures vanquished

Notes
Turn   | Place    | Note
-------+----------+-------------------------------------------
     0 | D:1      | Arcadio the Deep Dwarf Fighter began the quest for the Orb.
     0 | D:1      | Reached XP level 1. HP: 20/20 MP: 1/1
    88 | D:1      | Reached XP level 2. HP: 27/27 MP: 2/2
   492 | D:1      | Reached XP level 3. HP: 32/34 MP: 3/3
  1080 | D:2      | Reached XP level 4. HP: 28/42 MP: 4/4
  1163 | D:2      | Noticed Terence
  1179 | D:2      | Killed Terence
  1615 | D:3      | Reached XP level 5. HP: 21/49 MP: 5/5
  1657 | D:3      | Noticed Natasha
  1658 | D:3      | Noticed Sigmund
  1672 | D:3      | Killed Natasha
  1689 | D:3      | HP: 2/49 [something (6)]
  1706 | D:3      | Killed Sigmund
  1707 | D:3      | Reached XP level 6. HP: 21/57 MP: 5/5
  2288 | D:3      | Found a runed translucent door.
  2289 | D:3      | Noticed Crazy Yiuf
  2297 | D:3      | Killed Crazy Yiuf
  2298 | D:3      | Reached skill level 5 in Shields
  2639 | D:4      | Reached skill level 5 in Armour
  2777 | D:4      | Found a glowing drain.
  2791 | Sewer    | Entered a sewer
  2875 | Sewer    | Reached XP level 7. HP: 22/66 MP: 6/6
  3281 | D:4      | Reached skill level 5 in Axes
  3823 | D:4      | Reached skill level 5 in Fighting
  3823 | D:4      | Reached XP level 8. HP: 41/74 MP: 7/7
  3922 | D:5      | Entered Level 5 of the Dungeon
  3959 | D:5      | Found Huudd's Assorted Antiques.
  4108 | D:5      | Found Meps's Weapon Shoppe.
  4269 | D:5      | Found a staircase to the Ecumenical Temple.
  4286 | Temple   | Entered the Ecumenical Temple
  4409 | Temple   | Became a worshipper of Makhleb the Destroyer
  4575 | D:5      | Found Usmin Rie's Antique Armour Shoppe.
  4638 | D:5      | Found Uwniasmiec's General Store.
  4852 | D:5      | Found Bonukhum's Distillery.
  5013 | D:5      | Bought a glowing scale mail for 196 gold pieces
  5204 | D:6      | HP: 2/74 [black bear (7)]
  5517 | D:6      | HP: 1/76 [ogre/+0 giant spiked club (8)]
  5692 | D:7      | Reached * piety under Makhleb
  5862 | D:7      | Gained mutation: You passively map the area around you.
                  | [Deep Dwarf growth]
  5862 | D:7      | Reached XP level 9. HP: 38/82 MP: 6/6
  6053 | D:7      | Found a radiant altar of Vehumet.
  7279 | D:8      | You fall into a shaft and drop 2 floors!
  7279 | D:10     | Entered Level 10 of the Dungeon
  7280 | D:10     | Noticed an oklob plant
  7354 | D:9      | Found a staircase to the Orcish Mines.
  7378 | D:9      | Found a runed translucent gate.
  7379 | D:9      | Found a runed translucent gate.
  7379 | D:9      | Found an opulent altar of Gozag.
  7380 | D:9      | Found a runed translucent gate.
  7508 | D:9      | Found a staircase to the Lair.
  7542 | D:9      | Got a bloodstained whip
  7543 | D:9      | Identified the +6 whip "Xonen" {elec, rPois Int+3 Stlth-}
                  | (You found it on level 9 of the Dungeon)
  7573 | D:9      | Found a snail-covered altar of Cheibriados.
  7608 | D:9      | Reached ** piety under Makhleb
  7688 | D:9      | Reached XP level 10. HP: 33/94 MP: 0/7
  8182 | D:8      | Noticed Harold
  8202 | D:8      | Killed Harold
  8313 | D:8      | Found an iron altar of Okawaru.
  8343 | D:8      | Found a runed translucent gate.
  8343 | D:8      | Found a runed translucent gate.
  8343 | D:8      | Found a runed translucent gate.
  8344 | D:8      | Noticed Galthrax's ghost (novice OgFi)
  8504 | D:9      | Reached *** piety under Makhleb
  8543 | Lair:1   | Entered Level 1 of the Lair of Beasts
  8889 | Lair:1   | Found a runed translucent door.
  8924 | Lair:1   | Noticed a black mamba
  8940 | Lair:1   | Killed a black mamba
  8979 | Lair:1   | Noticed ZZKoverts's ghost (novice OpFi)
  9081 | Lair:1   | Noticed a cane toad
  9094 | Lair:1   | Killed a cane toad
  9479 | Lair:2   | Noticed a cane toad
  9487 | Lair:1   | Killed a cane toad
  9549 | Lair:1   | HP: 4/96 [wolf (6)]
  9556 | Lair:1   | Reached skill level 1 in Invocations
  9575 | Lair:1   | Reached XP level 11. HP: 27/103 MP: 0/8
  9666 | Lair:1   | Reached skill level 10 in Shields
  9730 | Lair:1   | Reached skill level 10 in Armour
  9959 | Lair:2   | Noticed Erica
  9976 | Lair:2   | HP: 4/104 [something (4)]
 10101 | Lair:2   | Learned a level 1 spell: Corona
 10171 | Lair:2   | Reached skill level 10 in Axes
 10403 | Lair:2   | Noticed a boulder beetle
 10868 | Lair:3   | Noticed a death yak
 10893 | Lair:3   | Slain by a death yak

Illustrated notes

Levels and vault maps discovered:
D:1:      zaba_arrival_water, layout_loops_ring
D:2:      layout_basic, uniq_terence
D:3:      layout_loops_corners, uniq_natasha, uniq_crazy_yiuf_cottage,
          uniq_sigmund
D:4:      layout_basic, cheibrodos_sewer_entry_drain
D:5:      layout_gridville, minmay_temple_entry_fiery, serial_shops, shop,
          nicolae_shop_statue_plus, nicolae_shop_behind_doors, shop, shop
D:6:      layout_rooms
D:7:      layout_basic, vehumet_statue
D:8:      layout_gridville, ebering_ghost_rock_garden,
          kennysheep_okawaru_gauntlet, uniq_harold
D:9:      layout_basic, gammafunk_temple_overflow_statue, slow_altar_1,
          lair_entry_dummy, orc_0_dummy, ebering_ghost_gozag
D:10:     layout_gridville, serial_shops, shop, lemuel_oklob_altar
Temple:   dpeg_five_rooms_temple
Lair:1:   layout_regular_city, gammafunk_ghost_grave, serial_bayou_shore_a
Lair:2:   layout_small_grid, beast_lair_carwin_4, uniq_erica
Lair:3:   layout_gridlike, nicolae_swamp_entry_splash_gauntlet,
          spider_nest_entry_webs, uniq_rupert

Skill      XL: |  1  2  3  4  5  6  7  8  9 10 11 |
---------------+----------------------------------+-----
Fighting       | 3 4 5 6 7 8 9 |  9.0
Axes           | 3 4 5 6 8 9 10 | 10.3
Shields        | 4 5 6 7 8 9 10 | 10.6
Armour         | 4 5 6 7 8 9 10 | 10.5
Invocations    | 1 4 |  4.7

Action                   |  1- 3 |  4- 6 |  7- 9 | 10-12 || total
-------------------------+-------+-------+-------+-------++-------
Melee: War axe           |   127 |   245 |   540 |   513 ||  1425
 Fire: Hunting sling     |       |     4 |    15 |    32 ||    51
Invok: Minor Destruction |       |       |       |     3 ||     3
       Lesser Servant of |       |       |       |     2 ||     2
 Abil: Heal Wounds       |       |     3 |    10 |     9 ||    22
Evoke: Wand              |       |       |       |     6 ||     6
  Use: Scroll            |     4 |     4 |    14 |     3 ||    25
       Potion            |       |       |     6 |     4 ||    10
Armor: Scale mail        |    62 |   101 |   193 |   273 ||   629
Dodge: Dodged            |    40 |    60 |   144 |   192 ||   436
Block: Kite shield       |    66 |   142 |   353 |   439 ||  1000
